 Dungeon Crawl Stone Soup version 0.30-a0-900-g23479c02f2 (webtiles) character file.

Game seed: 15419708699895865496

11285 Pooter the Cleaver (level 11, -29/151 HPs)
             Began as a Minotaur Berserker on Mar 19, 2023.
             Was an Elder of Trog.
             Annihilated by Donald
             ... wielding a +0 war axe
              (40 damage)
             ... on level 2 of the Orcish Mines.
             The game lasted 00:59:24 (11034 turns).

Pooter the Cleaver (Minotaur Berserker)            Turns: 11034, Time: 00:59:24

Health: -29/151    AC: 19    Str: 25    XL:     11   Next: 47%
Magic:  10/10      EV:  4    Int:  4    God:    Trog [****..]
Gold:   476        SH:  0    Dex: 11    Spells: 10/10 levels left

rFire   . . .      SeeInvis .    a - +0 battleaxe (vamp)
rCold   . . .      Faith    .    (shield currently unavailable)
rNeg    . . .      Spirit   .    H - +3 crystal plate armour
rPois   +          Reflect  .    (helmet restricted)
rElec   .          Rampage  .    z - scarf {shadows}
rCorr   .                        N - +0 pair of gloves
Will    ++...                    (no boots) Stlth
                                 o - amulet of regeneration
HPRegen 2.25/turn                P - ring of poison resistance
MPRegen 0.12/turn                (no ring)

@: berserking (expiring), strong-willed (expiring), regenerating (expiring),
very quick
A: horns 2, retaliatory headbutt
a: Renounce Religion, Berserk, Trog's Hand, Brothers in Arms


You were on level 2 of the Orcish Mines.
You worshipped Trog.
Trog was greatly pleased with you.
You visited 2 branches of the dungeon, and saw 13 of its levels.
You also visited: Sewer.

You collected 819 gold pieces.
You spent 343 gold pieces at shops.

Inventory:

Hand Weapons
 a - a +0 vampiric battleaxe (weapon)
   (You found it on level 3 of the Dungeon)
 b - a +1 arbalest
   (You bought it in a shop on level 9 of the Dungeon)
 p - a +2 heavy flail
   (You took it off Edmund on level 4 of the Dungeon)
 A - a +1 heavy hand axe
   (You took it off an orc on level 5 of the Dungeon)
Missiles
 h - a curare-tipped dart
 i - 2 silver boomerangs
 q - 9 poisoned darts
 F - 5 silver javelins
 Q - 69 stones
 T - 8 boomerangs (quivered)
Armour
 z - a scarf of shadows (worn)
   (You found it on level 5 of the Dungeon)
 H - a +3 crystal plate armour (worn)
   (You acquired it on level 8 of the Dungeon)
 N - a +0 pair of gloves (worn)
   (You found it on level 8 of the Dungeon)
Jewellery
 o - an amulet of regeneration (around neck)
   (You found it on level 2 of the Dungeon)
 v - a ring of ice
   (You found it on level 3 of the Dungeon)
 C - a ring of resist corrosion
   (You found it in a sewer)
 K - the ring "Xunlomeg" {rC- rCorr Str+5}
   (You found it on level 7 of the Dungeon)

   [ring of resist corrosion]

   Str:       It affects your strength (+5).
   rC:        It makes you vulnerable to cold.
   rCorr:     It protects you from acid and corrosion.
 P - a ring of poison resistance (left hand)
   (You found it on level 2 of the Dungeon)
 U - an amulet of reflection
   (You found it on level 9 of the Dungeon)
Wands
 d - a wand of iceblast (20)
   (You found it on level 6 of the Dungeon)
 f - a wand of flame (21)
   (You took it off Maggie on level 8 of the Dungeon)
 u - a wand of paralysis (2)
   (You found it on level 9 of the Dungeon)
 x - a wand of acid (6)
   (You found it on level 9 of the Dungeon)
 y - a wand of polymorph (18)
   (You took it off Duvessa on level 5 of the Dungeon)
Scrolls
 g - a scroll of fog
 j - a scroll of butterflies
 k - 5 scrolls of noise {!r}
 l - 3 scrolls of immolation {!r}
 m - 2 scrolls of fear
 n - 2 scrolls of vulnerability {!r}
 t - 3 scrolls of teleportation {@r4}
 w - a scroll of magic mapping
 B - a scroll of blinking
 X - 2 scrolls of poison
Potions
 c - a potion of curing {unknown}
 e - 2 potions of might
 s - a potion of lignification {unknown}
 D - a potion of cancellation
 G - 2 potions of invisibility
 L - a potion of haste {@q3}
 M - 2 potions of heal wounds {@q2}
 O - 3 potions of flight
 R - a potion of magic {unknown}
 S - a potion of ambrosia
 V - a potion of attraction {!q}
 W - a potion of resistance


   Skills:
 + Level 10.4 Fighting
 * Level 14.1 Axes
 * Level 11.1 Ranged Weapons
 - Level 2.4 Armour
 - Level 2.1 Dodging
 + Level 5.1 Evocations


You had 10 spell levels left.
You didn't know any spells.
Your spell library was empty.

Dungeon Overview and Level Annotations

Branches:
Dungeon (11/15)            Temple (0/1) D:5            Lair (0/5) D:11
    Orc (2/2) D:11          Sewer (visited)
    Elf: Orc:2

Altars:
Hepliaklqana
Okawaru
Qazlal
Xom
Yredelemnul

Shops:
D:9 (*==

Annotations:
Orc:2 Donald


Innate Abilities, Weirdness & Mutations

You have a pair of horns on your head.
You reflexively headbutt those who attack you in melee.


Message History

Your life force feels restored.
You start resting.
You feel the dreadful sensation subside.
b - a +1 arbalest (weapon)
You now have 476 gold pieces (gained 23).
Donald the Adventurer comes into view.
He is wielding a +0 war axe and wearing a +0 kite shield of reflection.
Donald shouts!
Donald mumbles some strange words.
Donald seems to grow stronger.
Your skin crawls.
You feel strong-willed.
Aim: Donald, wielding a +0 war axe, wearing a +0 chain mail and wearing a +0 kite shield of reflection (strong, reflecting blocked projectiles, will become a black draconian, a dire elephant, or a fire dragon, chance to affect: 5%)
Okay, then.
Donald says, "Have you ever seen an orcish miner?
Me neither."
Donald gestures wildly while chanting.
Donald seems to speed up.
Donald says, "At least there's gold.
That doesn't make up for it."
Donald says, "I bet you wish you could cast spells now, right?"
You feel a sense of dread.
a - a +0 vampiric battleaxe (weapon)
A red film seems to cover your vision as you go berserk!
You feel yourself moving faster!
You feel mighty! Donald hits you with a +0 war axe! x2
You completely miss Donald. You headbutt Donald.
Donald hits you with a +0 war axe!!
You slice Donald!! Donald hits you with a +0 war axe!!
You slash Donald!
You feel better. Donald hits you with a +0 war axe!
Donald blocks your attack. x2; Donald hits you with a +0 war axe!!
* * * LOW HITPOINT WARNING * * *
You slash Donald!
You feel better. Donald barely misses you.
You barely miss Donald. You headbutt Donald, but do no damage.
Donald hits you with a +0 war axe.
* * * LOW HITPOINT WARNING * * *
Donald blocks your attack.
You headbutt Donald. Donald hits you with a +0 war axe!!
* * * LOW HITPOINT WARNING * * *
Donald blocks your attack. Donald hits you with a +0 war axe!!
* * * LOW HITPOINT WARNING * * *
Donald blocks your attack.
Your headbutt misses Donald. You hit Donald. Your headbutt misses Donald.
Donald hits you with a +0 war axe!
* * * LOW HITPOINT WARNING * * *
Donald hits you but does no damage.
You hit Donald.
You feel better.
You headbutt Donald!! Donald hits you but does no damage.
Donald blocks your attack. Donald hits you with a +0 war axe!
* * * LOW HITPOINT WARNING * * *
You hit Donald.
You feel better.
You headbutt Donald, but do no damage.
You feel the effects of Trog's Hand fading.
Donald hits you with a +0 war axe!!!
You die...

#.........# #...
####.....## #..
##.......#
#.......##
###........###
#....<.....#.###
##..............##
#.....#.#........#
#....@####.......#
#....@####......##
##....)#........#
#............###
#####.......##
#.......###
###....##
###......#
#........#


You could see Donald (fast, strong, reflecting).

Vanquished Creatures
  A centaur warrior (D:10)
  A boulder beetle (D:9)
  An orc knight (D:11)
  An orc sorcerer (Orc:2)
  A manticore (D:11)
  2 gargoyles
  Maggie (D:8)
  2 trolls
  Grinder (D:4)
  7 yaks
  A wyvern (D:9)
  3 steam dragons
  Edmund (D:4)
  2 acid dragons
  3 water moccasins (D:11)
  Duvessa (D:5)
  3 sky beasts
  8 orc warriors
  2 black bears
  2 ogres
  7 centaurs
  3 phantoms
  A kobold brigand (D:8)
  6 bullfrogs
  2 gnoll sergeants
  6 scorpions
  A water moccasin zombie (D:5)
  Dowan (D:5)
  16 killer bees
  3 howler monkeys
  2 centaur zombies (D:5)
  A bullfrog zombie (D:5)
  A jelly (D:5)
  A gnoll bouda (D:9)
  A hound (D:6)
  6 orc priests
  Terence (D:3)
  4 iguanas
  Ijyb (D:3)
  11 orc wizards
  A scorpion zombie (D:5)
  13 gnolls
  9 adders
  A shadow imp (D:8)
  2 white imps (D:5)
  A dart slug (D:1)
  31 orcs
  12 endoplasms
  7 giant cockroaches
  4 goblins
  7 hobgoblins
  10 quokkas
  6 ball pythons
  4 bats
  9 frilled lizards
  11 kobolds
  3 rats
250 creatures vanquished.

Vanquished Creatures (others)
  41 fungi (D:11)
  17 plants (D:11)
58 creatures vanquished.

Grand Total: 308 creatures vanquished

Notes
Turn   | Place    | Note
-------+----------+-------------------------------------------
     0 | D:1      | Pooter the Minotaur Berserker began the quest for the Orb.
     0 | D:1      | Reached XP level 1. HP: 19/19 MP: 0/0
   171 | D:1      | Reached skill level 4 in Axes
   202 | D:1      | Reached XP level 2. HP: 27/27 MP: 1/1
   628 | D:2      | Reached XP level 3. HP: 33/33 MP: 2/2
  1259 | D:3      | You fall into a shaft and drop 1 floor!
  1276 | D:4      | Reached ** piety under Trog
  1309 | D:4      | Noticed Grinder
  1318 | D:4      | Killed Grinder
  1319 | D:4      | Reached skill level 5 in Axes
  1319 | D:4      | Reached XP level 4. HP: 41/41 MP: 3/3
  1319 | D:4      | Reached XP level 5. HP: 47/47 MP: 4/4
  1387 | D:4      | Reached skill level 5 in Fighting
  1387 | D:4      | Reached skill level 6 in Axes
  1387 | D:4      | Reached XP level 6. HP: 41/56 MP: 5/5
  1558 | D:3      | Noticed Terence
  1562 | D:3      | Killed Terence
  1870 | D:3      | Noticed Ijyb
  1874 | D:3      | Killed Ijyb
  2264 | D:3      | Found a hazy altar of Hepliaklqana.
  2618 | D:5      | Entered Level 5 of the Dungeon
  2700 | D:5      | Reached skill level 7 in Axes
  2700 | D:5      | Reached XP level 7. HP: 55/61 MP: 6/6
  2724 | D:5      | Found a basalt altar of Yredelemnul.
  2764 | D:5      | Found a staircase to the Ecumenical Temple.
  2823 | D:5      | Noticed Edmund
  2944 | D:4      | Reached skill level 8 in Axes
  2947 | D:4      | Killed Edmund
  2948 | D:4      | Reached skill level 5 in Ranged Weapons
  3098 | D:5      | Noticed Duvessa
  3099 | D:5      | Noticed Dowan
  3127 | D:5      | Killed Duvessa
  3128 | D:5      | Reached XP level 8. HP: 71/71 MP: 7/7
  3151 | D:5      | Killed Dowan
  3197 | D:5      | Reached skill level 9 in Axes
  3572 | D:5      | Found a stormy altar of Qazlal.
  4240 | D:6      | Identified the +4 whip "Zoun Awu" {protect, rCorr}
  4371 | D:6      | Found a glowing drain.
  4376 | Sewer    | Entered a sewer
  4394 | Sewer    | Reached *** piety under Trog
  4408 | Sewer    | Reached skill level 10 in Axes
  5101 | D:6      | Reached XP level 9. HP: 76/79 MP: 8/8
  5603 | D:7      | Reached skill level 1 in Evocations
  5934 | D:7      | Identified the ring "Xunlomeg" {rC- rCorr Str+5}
  6073 | D:7      | Reached skill level 11 in Axes
  6586 | D:8      | Identified a scroll of acquirement
  6587 | D:8      | Acquired a +2 crystal plate armour
  6643 | D:8      | Reached **** piety under Trog
  6834 | D:8      | Noticed Maggie
  6846 | D:8      | Killed Maggie
  7241 | D:9      | Found Qoidathroune's Weapon Shop.
  7244 | D:9      | Bought a +0 arbalest for 67 gold pieces
  7309 | D:9      | Reached XP level 10. HP: 90/90 MP: 9/9
  7322 | D:9      | Reached skill level 12 in Axes
  7498 | D:9      | Noticed Maurice
  7499 | D:9      | Maurice changed into Maurice the howler monkey
  7499 | D:9      | Noticed Maurice
  7508 | D:9      | Killed Maurice the howler monkey
  7560 | D:9      | Noticed a boulder beetle
  7573 | D:9      | Killed a boulder beetle
  7783 | D:9      | Found Kisaog's Jewellery Emporium.
  7972 | D:9      | Found Itto's Jewellery Shoppe.
  7982 | D:9      | Found Nixoech's General Store.
  8226 | D:10     | Entered Level 10 of the Dungeon
  8287 | D:10     | Found an iron altar of Okawaru.
  8334 | D:9      | Bought a scroll of identify for 24 gold pieces
  8334 | D:9      | Bought a potion of might for 48 gold pieces
  8334 | D:9      | Bought a potion of attraction for 36 gold pieces
  8334 | D:9      | Bought a potion of resistance for 120 gold pieces
  8334 | D:9      | Bought a scroll of poison for 48 gold pieces
  8454 | D:10     | Noticed a centaur warrior
  8686 | D:10     | Reached skill level 13 in Axes
  8754 | D:10     | Killed a centaur warrior
  8755 | D:10     | Reached skill level 10 in Ranged Weapons
  9047 | D:10     | Found a shimmering altar of Xom.
  9118 | D:10     | Reached XP level 11. HP: 99/99 MP: 10/10
  9369 | D:11     | Reached skill level 10 in Fighting
  9463 | D:11     | Identified the +3 ring mail of Furrowed {rN+}
  9602 | D:11     | Found a staircase to the Lair.
  9897 | D:11     | Found a staircase to the Orcish Mines.
  9905 | Orc:1    | Entered Level 1 of the Orcish Mines
  9911 | Orc:1    | Noticed an orc knight
  9930 | D:11     | Killed an orc knight
 10009 | D:11     | Reached skill level 5 in Evocations
 10018 | Orc:1    | Reached skill level 14 in Axes
 10184 | Orc:2    | Entered Level 2 of the Orcish Mines
 10972 | Orc:2    | Noticed an orc sorcerer
 10977 | Orc:2    | Killed an orc sorcerer
 11010 | Orc:2    | Noticed Donald
 11034 | Orc:2    | Annihilated by Donald

Illustrated notes

Levels and vault maps discovered:
D:1:      heliophobic_arrival_glass_houses, layout_basic
D:2:      layout_basic, minmay_pentomino_s2
D:3:      layout_loops_cross, nzn_hepliaklqana_mist_gate, uniq_terence,
          uniq_ijyb
D:4:      layout_cave_pools, uniq_grinder
D:5:      layout_rooms, lemuel_crystal_altar, nicolae_yredelemnul_corpse_copse,
          minmay_temple_entry_waves, uniq_duvessa, uniq_edmund
D:6:      layout_basic, portal_sewer_entry_e, kennysheep_generic_room_8
D:7:      layout_loops_cross, kennysheep_generic_room_12
D:8:      layout_cave_pools, uniq_maggie
D:9:      layout_stronghold, serial_shops, nicolae_stop_n_shop_2,
          nicolae_stop_n_shop_2, nicolae_shop_trees, nicolae_take_the_stairs,
          uniq_maurice
D:10:     layout_long_grid, mainiacjoe_overflow_alcove_4,
          david_defended_altar_orc
D:11:     layout_gridville, due_lair_maze_entry_diamond, orc_0_dummy
Orc:1:    layout_diamond_mine, serial_shops, nicolae_shop_waterfront
Orc:2:    st_orc_congregation, layout_diamond_mine, basic_altar,
          nooodl_orcs_dogs, uniq_nessos, uniq_donald

Skill      XL: |  1  2  3  4  5  6  7  8  9 10 11 |
---------------+----------------------------------+-----
Axes           | 4 5 6 7 8 10 11 13 14 | 14.1
Fighting       | 4 5 6 7 8 9 10 | 10.4
Ranged Weapons | 3 4 5 6 8 10 11 | 11.1
Evocations     | 2 4 5 |  5.1
Armour         | |  2.4
Dodging        | |  2.1

Action                     |  1- 3 |  4- 6 |  7- 9 | 10-12 || total
---------------------------+-------+-------+-------+-------++-------
  Melee: Hand axe          |    54 |    29 |       |       ||    83
         Headbutt          |    13 |    13 |    33 |    35 ||    94
         Battleaxe         |       |    27 |   223 |   178 ||   428
   Fire: Sling             |    37 |    37 |    56 |       ||   130
         Shortbow          |       |       |    46 |       ||    46
         Arbalest          |       |       |       |    74 ||    74
  Throw: Dart              |       |     4 |    12 |       ||    16
         Boomerang         |       |       |     6 |       ||     6
 Invoke: Berserk           |     2 |     3 |     5 |     6 ||    16
         Trog's Hand       |     1 |     1 |     5 |     6 ||    13
  Evoke: Wand              |       |       |    11 |     5 ||    16
    Use: Scroll            |     1 |     3 |    10 |    10 ||    24
 Armour: Animal skin       |     2 |       |       |       ||     2
         Ring mail         |    15 |       |       |       ||    15
         Scale mail        |     1 |    19 |       |       ||    20
         Plate armour      |       |    25 |   177 |       ||   202
         Crystal plate arm |       |       |    47 |   192 ||   239
  Dodge: Dodged            |    44 |    42 |   107 |    50 ||   243

Table legend: (Time is in decaauts)
 A = Elapsed time spent in this place.
 B = Non-inter-level travel time spent in this place.
 C = Inter-level travel time spent in this place.
 D = Time resting spent in this place.
 E = Time spent auto-exploring this place.
 F = Levels seen in this place.
 G = Mean time per level.
                   A        B        C        D        E       F      G
               +--------+--------+--------+--------+--------+-----+--------+
         Total |  11454 |  11149 |    305 |   3069 |   5567 |  14 |  818.1 |
       Dungeon |   9755 |   9450 |    305 |   2140 |   5137 |  11 |  886.8 |
  Orcish Mines |   1053 |   1053 |      0 |    829 |     41 |   2 |  526.5 |
         Sewer |    645 |    645 |      0 |    100 |    388 |   1 |  645.0 |
               +--------+--------+--------+--------+--------+-----+--------+

Top non-repeatable levels by time:
     D:5: 1203 daAuts
     D:9: 1126 daAuts
    D:10: 1094 daAuts
     D:6: 1015 daAuts
     D:7: 954 daAuts
     D:4: 928 daAuts
   Orc:2: 850 daAuts
     D:3: 763 daAuts
     D:8: 739 daAuts
     D:2: 649 daAuts
    D:11: 645 daAuts
   Sewer: 645 daAuts
     D:1: 634 daAuts
   Orc:1: 203 daAuts
